 Dungeon Crawl Stone Soup version 0.30.1-3-gfc49f6343a (webtiles) character file.

Game seed: 17204426758541272212

8374 H0rd4k the Covert (level 11, 0/70 HPs)
             Began as an Octopode Artificer on Aug 2, 2023.
             Was an Initiate of Gozag.
             Slain by a yak (18 damage)
             ... on level 1 of the Lair of Beasts.
             The game lasted 00:17:52 (13281 turns).

H0rd4k the Covert (Octopode Artificer)             Turns: 13281, Time: 00:17:52

Health: 0/70       AC:  1    Str: 11    XL:     11   Next: 29%
Magic:  11/11      EV: 21    Int: 18    God:    Gozag
Gold:   93         SH:  0    Dex: 13    Spells: 10/10 levels left

rFire   + + .        e - +6 falchion "Xunar" {heavy, rF+ rN+ Will+}
rCold   x . .        (no shield)
rNeg    + . .        (helmet restricted)
rPois   .            (no amulet)
rElec   .            m - ring of fire
rCorr   +            z - +5 ring of evasion
SInv    .            B - ring of resist corrosion
Will    +....        (no ring)
Stlth   ++++++       (no ring)
HPRegen 0.31/turn    (no ring)
MPRegen 0.12/turn    (no ring)
                     (no ring)

%: no passive effects
@: gold aura
A: almost no armour, amphibious, 8 rings, camouflage 1, gelatinous body 1,
(nimble swimmer 1), tentacles
a: Renounce Religion, Potion Petition, Call Merchant, Bribe Branch


You were on level 1 of the Lair of Beasts.
You worshipped Gozag.
Gozag was noncommittal.
You visited 3 branches of the dungeon, and saw 13 of its levels.
You also visited: Sewer and Ossuary.

You collected 1854 gold pieces.
You spent 217 gold pieces at shops.
You paid 1544 gold pieces to Gozag.

Inventory:

Hand Weapons
 e - the +6 falchion "Xunar" (weapon) {heavy, rF+ rN+ Will+}
   (You found it on level 6 of the Dungeon)

   rF:        It protects you from fire.
   rN:        It protects you from negative energy.
   Will:      It increases your willpower.
 j - the +2 dagger of the Special Gods {heavy, rC+ rCorr}
   (You bought it in a shop on level 9 of the Dungeon)

   rC:        It protects you from cold.
   rCorr:     It protects you from acid and corrosion.
 x - a +4 heavy hand axe
Missiles
 h - 34 poisoned darts (quivered)
 o - a throwing net
Magical Staves
 c - a staff of cold
Jewellery
 m - a ring of fire (left tentacle)
 z - a +5 ring of evasion (right tentacle)
 A - an amulet of faith
 B - a ring of resist corrosion (on tentacle)
Wands
 b - a wand of digging (8)
 d - a wand of iceblast (7)
Scrolls
 g - a scroll of torment
 i - 2 scrolls of identify
 l - 7 scrolls of teleportation
 p - 2 scrolls of brand weapon
 r - a scroll of butterflies
 u - a scroll of enchant weapon {unknown}
 v - a scroll of immolation {unknown}
 y - a scroll of fog
 C - a scroll of noise {unknown}
 G - a scroll of fear {unknown}
 J - 2 scrolls of amnesia
Potions
 a - a potion of haste
 f - 4 potions of mutation
 k - a potion of invisibility
 n - a potion of ambrosia {unknown}
 q - 3 potions of brilliance
 s - a potion of might
 t - a potion of lignification
 w - a potion of flight {unknown}
 E - 2 potions of cancellation
 H - a potion of degeneration {unknown}


   Skills:
 + Level 4.4 Fighting
 * Level 5.4 Long Blades
 + Level 0.7 Throwing
 + Level 7.8 Dodging
 + Level 10.8 Stealth
 + Level 10.5 Unarmed Combat
 + Level 6.1 Evocations


You had 10 spell levels left.
You didn't know any spells.
Your spell library contained the following spells:

 Spells                   Type           Power      Damage    Failure   Level
 Apportation              Tloc           0%         N/A       22%         1
 Necrotise                Necr           0%         1d4       22%         1
 Summon Small Mammal      Summ           0%         N/A       22%         1
 Blink                    Tloc           0%         N/A       32%         2
 Lesser Beckoning         Tloc           0%         N/A       32%         2
 Momentum Strike          Conj/Tloc      0%         3d8       32%         2
 Poisonous Vapours        Pois/Air       0%         N/A       32%         2
 Static Discharge         Conj/Air       0%         2-2/arc   32%         2
 Frozen Ramparts          Ice            0%         1d1       54%         3
 Mephitic Cloud           Conj/Pois/Air  0%         N/A       54%         3
 Vampiric Draining        Necr           0%         2d6       54%         3
 Airstrike                Air            0%         2d(0-16)  91%         4
 Ice Form                 Ice/Tmut       0%         N/A       91%         4
 Summon Ice Beast         Ice/Summ       0%         N/A       91%         4
 Summon Lightning Spire   Summ/Air       0%         N/A       91%         4
 Agony                    Necr           0%         N/A       99%         5
 Freezing Cloud           Conj/Ice/Air   0%         6-21      99%         5


Dungeon Overview and Level Annotations

Branches:
Dungeon (11/15)            Temple (1/1) D:4            Lair (1/5) D:9
  Sewer (visited)         Ossuary (visited)
    Orc: D:9-12

Altars:
Ashenzari
Cheibriados
Dithmenos
Elyvilon
Fedhas
Gozag
Hepliaklqana
Kikubaaqudgha
Makhleb
Nemelex Xobeh
Okawaru
Qazlal
Ru
Sif Muna
Trog
Uskayaw
Vehumet
Wu Jian
Yredelemnul
Zin
The Shining One

Shops:
D:4 :   D:8 *   D:9 [(

Annotations:
D:3 exclusion: orc
D:8 exclusion: two-headed ogre
D:11 exclusion: boulder beetle


Innate Abilities, Weirdness & Mutations

You cannot wear most types of armour.
You are amphibious.
You can wear up to eight rings at the same time.
Your skin changes colour to match your surroundings (Stealth+).
Your rubbery body absorbs attacks. (AC +1, EV +1)
((You are camouflaged when in or above water. (Stealth+)))
You have tentacles for arms and can constrict up to eight enemies at once.


Message History

Mapryl invites you to visit their Antique Weapon Shoppe.
j - the +2 dagger of the Special Gods {heavy, rC+ rCorr} Thank you for shopping at Mapryl's Antique Weapon Shoppe!
There is an entrance to Mapryl's Antique Weapon Shoppe here.
There is an entrance to Doaxithren's Armour Boutique here.
There is a staircase to the Lair here.
You climb downwards.
Welcome to the Lair of Beasts!
There is a staircase back to the Dungeon here.
There are monsters nearby!
There are monsters nearby!
The helpless yak fails to defend itself.
You hit the yak.
The yak is lightly wounded.
The yak misses you. The yak attacks as you move away! The yak misses you.
The yak attacks as you move away! The yak gores you!
The yak bellows!
You hear a bellow!
The yak attacks as you move away! The yak gores you.
The yak attacks as you move away! The yak misses you.
You barely miss the yak. You squeeze the yak.
The yak is lightly wounded.
The yak closely misses you.
You slash the yak!
The yak is moderately wounded.
The yak completely misses you.
You slice the yak!!
The yak is severely wounded.
The yak closely misses you. The yak gores you!
You closely miss the yak. You squeeze the yak!
You kill the yak!
You slash the yak! You squeeze the yak.
The yak is moderately wounded.
The yak completely misses you. The yak gores you!! The yak gores you!
* * * LOW HITPOINT WARNING * * *
The yak closely misses you.
You slash the yak!
The yak is heavily wounded.
The yak gores you!!
You die...
Your body crumbles into a pile of gold.

#... #.#.
#.#. #.#.###
# .
#.Y.<.#.# ..
#.##Y##.#..#
#.........#
##.##Y.####
#.Y@..#
#####..#
#.P# ....
..... .. .


You could see 2 yaks.

Vanquished Creatures
  Erolcha (D:11)
  2 two-headed ogres
  6 kobold demonologists
  2 wraiths (D:9)
  A yak (Lair:1)
  A fire bat (D:5)
  A golden eye (D:9)
  2 steam dragons (D:8)
  2 vampire mosquitoes (D:10)
  An acid dragon (D:9)
  An orc warrior (D:9)
  A sky beast (D:7)
  An ice beast (D:6)
  A black bear (D:6)
  A centaur (D:7)
  5 kobold brigands
  4 bullfrogs
  A wyvern zombie (D:6)
  3 scorpions
  5 wights (D:8)
  20 killer bees
  5 howler monkeys
  4 centaur zombies
  4 orc priests
  2 gnoll boudas
  3 hounds
  2 jellies
  A sleepcap (D:7)
  11 orc wizards
  A killer bee zombie (D:6)
  2 mummies (Ossuary)
  A howler monkey zombie (D:6)
  6 adders
  8 gnolls
  A shadow imp (D:5)
  2 ufetubi (D:7)
  A worm (D:2)
  2 dart slugs
  18 orcs
  10 ball pythons
  3 bats
  7 endoplasms
  12 giant cockroaches
  6 goblins
  3 hobgoblins
  8 quokkas
  10 frilled lizards
  3 gnoll zombies (Ossuary)
  4 hobgoblin zombies (Ossuary)
  24 kobolds
  6 orc zombies (Ossuary)
  7 rats
239 creatures vanquished.

Vanquished Creatures (collateral kills)
  An orc priest (D:5)
  3 gnolls
4 creatures vanquished.

Vanquished Creatures (others)
  A sky beast (D:5)
  2 killer bees (D:6)
  A gnoll (D:2)
  2 adders
  A kobold (D:8)
7 creatures vanquished.

Grand Total: 250 creatures vanquished

Notes
Turn   | Place    | Note
-------+----------+-------------------------------------------
     0 | D:1      | H0rd4k the Octopode Artificer began the quest for the Orb.
     0 | D:1      | Reached XP level 1. HP: 13/13 MP: 1/1
    26 | D:1      | Reached XP level 2. HP: 10/18 MP: 2/2
   350 | D:1      | Found a faded altar of an unknown god.
   530 | D:1      | Reached XP level 3. HP: 23/23 MP: 3/3
  1066 | D:2      | Reached skill level 1 in Unarmed Combat
  1076 | D:2      | Reached XP level 4. HP: 23/28 MP: 4/4
  1964 | D:3      | Found a radiant altar of Vehumet.
  2606 | D:4      | Found a glowing drain.
  2625 | Sewer    | Entered a sewer
  2683 | Sewer    | Reached XP level 5. HP: 25/33 MP: 5/5
  2999 | Sewer    | Reached XP level 6. HP: 38/38 MP: 6/6
  3172 | D:4      | Found a shimmering blue altar of Sif Muna.
  3413 | D:4      | Found an ornate altar of the Wu Jian Council.
  3453 | D:4      | Found a blossoming altar of Fedhas.
  3455 | D:4      | Found Urhe's Vocational Training.
  3539 | D:4      | Found a broken altar of Ashenzari.
  3595 | D:4      | Found a staircase to the Ecumenical Temple.
  3611 | Temple   | Entered the Ecumenical Temple
  4123 | D:5      | Entered Level 5 of the Dungeon
  4313 | D:5      | Found a sacrificial altar of Ru.
  4319 | D:5      | Reached XP level 7. HP: 35/43 MP: 7/7
  4537 | D:5      | Reached skill level 5 in Stealth
  4626 | D:5      | Found a stormy altar of Qazlal.
  4662 | D:5      | a swamp drake changed into a fire bat
  4662 | D:5      | Noticed a fire bat
  4665 | D:5      | Killed a fire bat
  4666 | D:5      | Reached skill level 5 in Evocations
  4996 | D:5      | Reached skill level 5 in Unarmed Combat
  5050 | D:5      | Reached XP level 8. HP: 42/50 MP: 8/8
  5239 | D:6      | Identified the +6 falchion "Xunar" {heavy, rF+ rN+ Will+}
  5756 | D:6      | Reached skill level 5 in Dodging
  5896 | D:6      | Found a basalt altar of Yredelemnul.
  6576 | D:7      | Reached XP level 9. HP: 43/55 MP: 9/9
  7762 | D:8      | Identified the +0 leather armour of Cufompol {SInv}
  7768 | D:8      | Found Rohukh's Demolitions Depot.
  7863 | D:8      | Found a sand-covered staircase.
  7867 | Ossuary  | Entered an ossuary
  8920 | D:8      | Noticed a two-headed ogre
  9021 | D:8      | Found a white marble altar of Elyvilon.
  9269 | D:9      | Found a staircase to the Lair.
  9297 | D:9      | Found a glowing golden altar of the Shining One.
  9330 | D:9      | Noticed a kobold demonologist
  9331 | D:9      | Noticed a kobold demonologist
  9392 | D:9      | HP: 2/57 [kobold brigand/+0 short sword (5)]
  9399 | D:9      | HP: 2/57 [orc/+0 hand axe (2)]
  9414 | D:9      | Reached XP level 10. HP: 6/63 MP: 10/10
  9830 | D:9      | Noticed a kobold demonologist
  9872 | D:9      | HP: 3/63 [wraith (10)]
  9881 | D:9      | Noticed a sun demon
  9889 | D:9      | Killed a kobold demonologist
 10049 | D:9      | Killed a kobold demonologist
 10058 | D:9      | Killed a kobold demonologist
 10059 | D:9      | Reached skill level 10 in Stealth
 10355 | D:9      | Found an opulent altar of Gozag.
 10459 | D:9      | Became a worshipper of Gozag Ym Sagoz the Greedy
 10491 | D:9      | Identified a scroll of acquirement
 10491 | D:9      | Acquired 815 gold pieces
 10628 | D:9      | Reached skill level 10 in Unarmed Combat
 11047 | D:10     | Entered Level 10 of the Dungeon
 11199 | D:10     | Found a bloodstained altar of Trog.
 11574 | D:10     | Reached skill level 1 in Long Blades
 11671 | D:10     | Noticed a kobold demonologist
 11671 | D:10     | Noticed a kobold demonologist
 11675 | D:10     | Noticed a kobold demonologist
 11683 | D:10     | Killed a kobold demonologist
 11691 | D:10     | Killed a kobold demonologist
 11828 | D:10     | Killed a kobold demonologist
 12141 | D:10     | Noticed a two-headed ogre
 12466 | D:11     | Noticed a boulder beetle
 12499 | D:11     | Noticed a two-headed ogre
 12513 | D:11     | Killed a two-headed ogre
 12514 | D:11     | Reached XP level 11. HP: 65/69 MP: 11/11
 12605 | D:11     | Found a white marble altar of Elyvilon.
 12610 | D:11     | Noticed Erolcha
 12623 | D:11     | Killed Erolcha
 12859 | D:11     | Noticed a two-headed ogre
 12860 | D:11     | Noticed a two-headed ogre
 13064 | D:10     | Killed a two-headed ogre
 13065 | D:10     | Reached skill level 5 in Long Blades
 13263 | D:9      | Bought a faintly glowing dagger for 217 gold pieces
 13263 | D:9      | Identified the +2 dagger of the Special Gods {heavy, rC+
                  | rCorr} (You bought it in a shop on level 9 of the Dungeon)
 13269 | Lair:1   | Entered Level 1 of the Lair of Beasts
 13281 | Lair:1   | Slain by a yak

Illustrated notes

Levels and vault maps discovered:
D:1:      minmay_arrival_jagged, layout_basic, nicolae_ecumenical_lake_church
D:2:      layout_basic
D:3:      layout_loops_ring, lemuel_coloured_pillars_altar,
          kennysheep_orc_chapel
D:4:      layout_basic, general_overflow_altar, kennysheep_orc_sif_temple,
          mainiacjoe_overflow_brackets, mainiacjoe_overflow_small_starburst,
          minmay_temple_entry_large_hall, portal_sewer_entry_d,
          nicolae_shop_vocational
D:5:      layout_loops_ring, nicolae_qazlal_beasts_of_the_sky,
          nicolae_ru_awakened_eye
D:6:      layout_rooms, nicolae_yredelemnul_corpse_copse
D:7:      kennysheep_spiral_hall, layout_loops_ring, nrook_mini_vaults
D:8:      layout_basic, nicolae_overflow_crystal_walls, marbit_many_paths,
          enter_ossuary_5, interstate_on_off, nicolae_blasting_shop
D:9:      layout_rooms, mainiacjoe_overflow_surrounded_room,
          nicolae_gozag_cash_rules_everything_around_me, lair_entry_dummy,
          kennysheep_crisscross, grunt_ministairs_1, minivault_1,
          dreamdust_mushroom_princess
D:10:     layout_loops_ring, lemuel_crystal_altar
D:11:     layout_basic, elyvilon_altar_5, uniq_lodul, uniq_erolcha
Temple:   grunt_temple_mini_profane
Lair:1:   layout_roguey, pdpol_lair_cabin_in_the_woods, grunt_megastairs_3

Skill      XL: |  1  2  3  4  5  6  7  8  9 10 11 |
---------------+----------------------------------+-----
Evocations     | 4 5 6 |  6.1
Dodging        | 3 4 5 6 7 |  7.8
Unarmed Combat | 1 2 3 5 7 9 10 | 10.5
Stealth        | 2 4 5 7 9 10 | 10.8
Fighting       | 2 3 4 |  4.4
Long Blades    | 4 5 |  5.4
Throwing       | |  0.7

Action                     |  1- 3 |  4- 6 |  7- 9 | 10-12 || total
---------------------------+-------+-------+-------+-------++-------
  Melee: Unarmed           |    68 |   153 |   330 |   120 ||   671
         Tentacles         |    20 |    31 |    93 |    52 ||   196
         Constrict         |    15 |    42 |    65 |    29 ||   151
         Punch             |     1 |     1 |    16 |    11 ||    29
         Falchion          |       |       |       |   100 ||   100
  Throw: Dart              |       |       |       |    10 ||    10
 Invoke: Call Merchant     |       |       |       |     2 ||     2
  Evoke: Wand              |     7 |    11 |    27 |     1 ||    46
    Use: Potion            |       |       |     3 |     6 ||     9
         Scroll            |       |       |     3 |    18 ||    21
   Stab: Sleeping          |     4 |    11 |    13 |     7 ||    35
         Paralysed         |       |       |     9 |       ||     9
         Distracted        |       |       |       |     1 ||     1
 Armour: Skin              |     2 |     9 |     9 |     7 ||    27
  Dodge: Dodged            |    56 |    88 |   305 |   258 ||   707
